Map: Jagannatha LE

Players

Lambo - Winner!

  • Race: Zerg Zerg
  • League: Master
  • Spawn Location: 7:00

ShoWTimE

  • Race: Protoss Protoss
  • League: Master
  • Spawn Location: 1:00

Event: DreamHack SC2 Masters 2020 Winter

VOD

Have the link to the VOD?

Description

Time

  • Played on: Nov. 6, 2020, 11:30 a.m.
  • Length: 9:34

All games in this series

Show
View Real Time Build Order
Export as new Build Order

Lambo Zerg - Winner!

Build Orders: Hatch First 

Get SALT Encoding   

  12  0:00  Drone  
  13  0:12  Overlord  
  13  0:17  Drone  
  14  0:30  Drone x2  
  16  0:41  Drone  
  17  0:51  Hatchery  
  17  0:55  Drone  
  17  0:58  Drone  
  18  1:08  Extractor  
  17  1:12  Spawning Pool  
  17  1:15  Drone  
  17  1:19  Drone  
  18  1:27  Drone  
  19  1:41  Drone  
  20  1:52  Overlord  
  20  1:59  Queen  
  22  2:02  Queen  
  22  2:03  Zergling x2  
  22  2:04  Zergling x2  
  26  2:08  Metabolic Boost  
  26  2:11  Drone  
  26  2:15  Drone  
  28  2:21  Drone  
  29  2:25  Drone  
  30  2:32  Drone  
  30  2:35  Drone  
  32  2:40  Queen  
  32  2:43  Overlord  
  34  2:54  Hatchery  
  34  2:57  Zergling x2  
  34  3:00  Drone x2  
  34  3:04  Overlord  
  36  3:08  Drone  
  36  3:12  Drone x3  
  40  3:13  Drone  
  40  3:14  Drone  
  42  3:25  Drone  
  42  3:26  Queen  
  43  3:28  Drone  
  43  3:29  Drone  
  43  3:31  Queen  
  49  3:34  Overlord  
  49  3:41  Drone x2  
  50  3:43  Drone  
  50  3:48  Overlord  
  51  3:54  Drone  
  51  3:55  Drone x2  
  54  3:57  Drone x3  
  54  3:59  Spore Crawler  
  54  4:01  Spore Crawler  
  55  4:03  Drone x2  
  55  4:08  Spore Crawler  
  56  4:11  Drone x2  
  56  4:12  Drone x2  
  56  4:16  Drone  
  56  4:17  Drone  
  62  4:20  Drone  
  62  4:23  Drone x3  
  66  4:25  Drone  
  66  4:29  Roach Warren  
  66  4:30  Extractor  
  65  4:31  Lair, Extractor  
  65  4:33  Drone  
  65  4:36  Drone x2  
  67  4:40  Drone x2  
  67  4:42  Drone x3  
  70  4:47  Drone, Queen  
  70  4:49  Drone  
  74  4:53  Evolution Chamber, Overlord  
  74  4:54  Extractor  
  74  4:57  Overlord  
  74  4:58  Drone  
  74  4:59  Drone  
  74  5:04  Extractor  
  74  5:05  Extractor  
  72  5:08  Drone x3  
  72  5:12  Drone x5  
  78  5:15  Drone  
  78  5:17  Drone x3  
  82  5:24  Drone x3  
  82  5:27  Hatchery  
  84  5:33  Drone x6  
  84  5:35  Drone  
  89  5:36  Zerg Missile Weapons Level 1  
  89  5:41  Baneling Nest  
  88  5:44  Spire, Glial Reconstitution  
  88  5:46  Drone x2  
  89  5:53  Overseer  
  89  5:54  Overlord  
  89  6:01  Overlord  
  89  6:04  Overlord  
  89  6:05  Overlord  
  89  6:10  Overlord  
  89  6:12  Roach x2  
  89  6:13  Roach x2  
  97  6:19  Roach  
  97  6:20  Roach x3  
  97  6:23  Roach x3  
  111  6:26  Centrifical Hooks  
  111  6:27  Extractor  
  106  6:33  Drone x3  
  106  6:36  Drone  
  110  6:42  Overlord  
  110  6:44  Roach x2, Zergling x6  
  117  6:50  Roach x2  
  117  6:51  Zergling x10  
  117  6:52  Roach  
  117  6:53  Roach  
  130  7:07  Roach x7  
  142  7:12  Roach  
  142  7:13  Overlord  
  142  7:14  Overlord  
  144  7:16  Overlord  
  144  7:25  Overlord  
  144  7:27  Overlord  
  144  7:31  Ravager  
  144  7:33  Roach x2, Zergling x22  
  144  7:34  Ravager  
  144  7:35  Ravager  
  144  7:36  Zergling x2  
  144  7:37  Ravager x3  
  165  7:38  Zergling x2  
  165  7:39  Ravager  
  168  7:45  Zergling x12  
  168  7:50  Zergling x4  
  175  7:54  Zergling x4  
  176  7:59  Overlord  
  176  8:00  Overlord  
  176  8:02  Overlord  
  176  8:10  Baneling x36, Overlord  
  176  8:14  Overlord  
  176  8:15  Overlord  
  176  8:17  Zergling x2  
  176  8:18  Zergling x14  
  184  8:20  Zergling x8  
  184  8:22  Zergling x2  
  184  8:23  Zergling x2  
  184  8:24  Zergling x2  
  185  8:28  Zergling x2  
  185  8:32  Roach x3  
  187  8:34  Roach  
  187  8:41  Roach  
  182  8:45  Roach  
  182  8:47  Roach x8  
  180  8:48  Roach  
  180  8:51  Roach x2  
  180  8:53  Roach  
  175  8:56  Roach x2  
  175  9:01  Roach x2  
  172  9:04  Roach x2  
  172  9:07  Roach  
  172  9:09  Roach  
  169  9:11  Zergling x4  
  169  9:13  Zergling x4  
  169  9:16  Zergling x2  
Show
View Real Time Build Order
Export as new Build Order

ShoWTimE Protoss 

Build Orders: 1 Gate Expand, Oracle Opening, Zealot Archon 

Get SALT Encoding   

  12  0:00  Probe  
  13  0:12  Probe  
  14  0:20  Pylon  
  14  0:24  Probe  
  15  0:38  Probe (Chrono Boost)  
  15  0:40  Gateway  
  16  0:47  Probe (Chrono Boost)  
  17  0:51  Assimilator  
  17  0:52  Probe (Chrono Boost)  
  18  1:04  Probe  
  19  1:16  Probe  
  20  1:27  Nexus  
  20  1:38  Cybernetics Core  
  20  1:41  Probe  
  21  1:47  Assimilator  
  21  1:53  Probe  
  22  1:56  Pylon  
  22  2:06  Probe (Chrono Boost)  
  23  2:11  Adept (Chrono Boost)  
  23  2:14  Warp Gate  
  26  2:17  Probe (Chrono Boost)  
  26  2:22  Probe (Chrono Boost)  
  26  2:27  Stargate  
  27  2:32  Probe  
  27  2:34  Adept (Chrono Boost)  
  30  2:39  Probe  
  31  2:44  Probe  
  31  2:51  Probe  
  33  2:56  Stalker, Probe  
  36  3:03  Probe  
  36  3:05  Gateway  
  37  3:09  Probe  
  38  3:14  Oracle (Chrono Boost)  
  38  3:15  Probe  
  42  3:21  Probe  
  42  3:24  Pylon  
  43  3:27  Probe  
  43  3:33  Probe  
  45  3:39  Probe  
  46  3:41  Oracle (Chrono Boost)  
  46  3:46  Probe  
  50  3:51  Probe  
  51  3:56  Nexus  
  51  3:58  Probe  
  51  4:01  Pylon  
  52  4:03  Probe  
  52  4:08  Assimilator  
  53  4:11  Assimilator, Probe  
  53  4:16  Oracle (Chrono Boost)  
  54  4:19  Probe  
  54  4:23  Probe  
  59  4:27  Robotics Facility  
  59  4:30  Pylon  
  59  4:31  Probe  
  60  4:35  Probe  
  60  4:37  Pylon  
  61  4:42  Forge  
  61  4:43  Probe  
  62  4:46  Shield Battery  
  62  4:48  Probe  
  62  4:51  Gateway  
  63  4:55  Probe  
  63  4:56  Sentry  
  63  4:57  Sentry  
  68  5:00  Probe  
  68  5:03  Twilight Council  
  69  5:07  Probe  
  69  5:09  Probe  
  69  5:13  Protoss Ground Weapons Level 1 (Chrono Boost)  
  69  5:14  Probe (Chrono Boost)  
  72  5:16  Observer  
  72  5:18  Gateway  
  72  5:19  Probe (Chrono Boost)  
  74  5:21  Probe (Chrono Boost)  
  77  5:29  Charge  
  77  5:30  Probe x2 (Chrono Boost)  
  77  5:31  Probe (Chrono Boost)  
  77  5:34  Probe (Chrono Boost)  
  75  5:36  Probe  
  75  5:39  Gateway  
  75  5:40  Gateway, Probe  
  78  5:42  Templar Archives  
  78  5:46  Probe  
  78  5:47  Assimilator  
  78  5:49  Assimilator  
  79  5:54  Warp Prism  
  79  5:55  Probe  
  82  5:57  Probe  
  82  5:58  Probe  
  82  6:00  Pylon  
  84  6:08  Probe  
  84  6:09  Probe  
  86  6:13  Probe  
  86  6:14  Gateway  
  86  6:15  Gateway  
  87  6:20  Probe  
  87  6:21  High Templar x2  
  87  6:25  Archon  
  92  6:26  Gateway  
  92  6:27  Pylon  
  92  6:35  High Templar x2, Zealot x2  
  92  6:38  Photon Cannon  
  100  6:42  Archon  
  100  6:43  Gateway  
  100  6:45  Phoenix  
  102  6:48  Pylon, Immortal  
  102  6:53  Pylon  
  106  6:56  Zealot  
  106  6:59  Photon Cannon  
  106  7:00  Pylon  
  108  7:17  Psionic Storm  
  108  7:26  Shield Battery  
  108  7:27  Zealot x3, Immortal  
  108  7:28  Pylon, Zealot  
  120  7:30  Phoenix  
  122  7:38  Pylon  
  122  7:42  High Templar x2, Pylon  
  126  7:44  Nexus  
  126  7:50  Probe  
  127  7:51  Probe  
  127  7:54  Phoenix (Chrono Boost)  
  130  7:58  High Templar  
  130  7:59  High Templar  
  130  8:05  Photon Cannon, Probe x3  
  137  8:06  Photon Cannon  
  137  8:07  Shield Battery  
  137  8:17  Probe x2  
  139  8:20  Zealot x5  
  139  8:21  Probe  
  139  8:25  Zealot x3  
  152  8:34  High Templar x2  
  152  8:39  Archon  
  153  8:42  Archon  
  153  8:45  Zealot  
  153  8:46  Zealot x7  
  137  8:49  Immortal (Chrono Boost)  
  103  9:06  Zealot x8  
  103  9:08  Zealot  
  86  9:18  Zealot  
  73  9:27  Zealot x4  
Tags
 
Add a new tag
Caveats
  • Supply blocks, unpowered buildings, or Contaminate may cause inaccurate times.
  • Supply counts are checked every 10 seconds.